 Dungeon Crawl Stone Soup version 0.19-a0-1676-g39ae8cc (webtiles) character file.

2382 Pr0man the Destroyer (level 9, 0/45 HPs)
             Began as a Gargoyle Ice Elementalist on Sept 23, 2016.
             Was a Follower of Vehumet.
             Slain by an orc warrior
             ... wielding a +0 hand axe
              (18 damage)
             ... on level 7 of the Dungeon.
             The game lasted 00:20:26 (7538 turns).

Pr0man the Destroyer (Gargoyle Ice Elementalist)    Turns: 7538, Time: 00:20:27

Health: 0/45       AC: 10    Str: 12    XL:     9   Next: 45%
Magic:  0/16       EV: 13    Int: 19    God:    Vehumet [*.....]
Gold:   216        SH:  0    Dex: 10    Spells: 3 memorised, 10 levels left

rFire  . . .     SeeInvis .     m - +4 Vampire's Tooth {vamp}
rCold  . . .     Gourm    .     a - +0 robe
rNeg   + . .     Faith    +     (no shield)
rPois  ∞         Spirit   .     j - +0 hat
rElec  +         Dismiss  .     H - +0 cloak
rCorr  .         Reflect  .     d - +0 pair of gloves
MR     .....     Harm     .     I - +0 pair of boots
Stlth  ++........               f - amulet of faith
                                (no ring)
                                (no ring)

@: drained
A: negative energy resistance 1, electricity resistance, unbreathing,
petrification resistance, rot immunity, AC +5
a: Renounce Religion


You were on level 7 of the Dungeon.
You worshipped Vehumet.
Vehumet was aware of your devotion.
You were hungry.

You visited 2 branches of the dungeon, and saw 8 of its levels.
You also visited: Sewer and Ossuary.

You collected 363 gold pieces.
You spent 147 gold pieces at shops.

Inventory:

Hand Weapons
 m - the +4 Vampire's Tooth (weapon) {vamp}
   (You found it on level 4 of the Dungeon)

   It inflicts no extra harm, but heals its wielder somewhat when it strikes a
   living foe.
Armour
 a - a +0 robe (worn)
 d - a +0 pair of gloves (worn)
 j - a +0 hat (worn)
 H - a +0 cloak (worn)
 I - a +0 pair of boots (worn)
Jewellery
 f - an amulet of faith (around neck)
 A - a cursed ring of flight {unknown}
 B - an uncursed amulet of magic regeneration {unknown}
Wands
 y - a wand of paralysis (4/24)
 E - a wand of iceblast (5/15)
 G - a wand of polymorph (9/24)
 K - a wand of enslavement (16/24)
Scrolls
 e - a scroll of enchant armour {unknown}
 g - 7 scrolls of remove curse
 h - 3 scrolls of blinking
 l - 4 scrolls of teleportation
 n - 3 scrolls of recharging {unknown}
 o - 4 scrolls of amnesia {unknown}
 q - a scroll of enchant weapon {unknown}
 s - 2 scrolls of fear {unknown}
 v - 2 scrolls of identify
 w - a scroll of random uselessness {unknown}
Potions
 i - 3 potions of mutation
 k - 5 potions of curing
 p - a potion of cancellation
 r - 3 potions of might
 t - a potion of agility {unknown}
 u - 4 potions of lignification
 x - a potion of resistance {unknown}
 D - a potion of degeneration {unknown}
Books
 b - a book of Frost

   Spells                             Type                      Level
   a - Freeze                         Ice                          1
   b - Throw Frost                    Conjuration/Ice              2
   c - Ozocubu's Armour               Charms/Ice                   3
   d - Throw Icicle                   Conjuration/Ice              4
   e - Summon Ice Beast               Ice/Summoning                4
 C - a Young Poisoner's Handbook

   Spells                             Type                      Level
   a - Sting                          Conjuration/Poison           1
   b - Mephitic Cloud                 Conjuration/Poison/Air       3
   c - Olgreb's Toxic Radiance        Poison                       4
   d - Alistair's Intoxication        Transmutation/Poison         5
   e - Venom Bolt                     Conjuration/Poison           5
Comestibles
 c - 3 bread rations
 z - 2 meat rations
 J - a slice of pizza


   Skills:
 + Level 5.0(4.7) Dodging
 - Level 2.1(1.9) Stealth
 - Level 5.0(4.7) Spellcasting
 + Level 8.0(7.7) Conjurations
 - Level 7.1(6.8) Ice Magic


You had 10 spell levels left.
You knew the following spells:

 Your Spells              Type           Power        Failure   Level  Hunger
a - Freeze                Ice            ####         1%          1    None
b - Throw Icicle          Conj/Ice       ####....     10%         4    ####...
c - Ozocubu's Armour      Chrm/Ice       ###.....     12%         3    ###....


Dungeon Overview and Level Annotations

Branches:
Dungeon (7/15)             Temple (1/1) D:6

Altars:
Ashenzari
Cheibriados
Dithmenos
Elyvilon
Gozag
Hepliaklqana
Makhleb
Nemelex Xobeh
Qazlal
Ru
Trog
Uskayaw
Vehumet
Yredelemnul
Zin
The Shining One

Shops:
D:5 *[*!(

Annotations:
D:7 azzavlup's ghost, novice DrMo


Innate Abilities, Weirdness & Mutations

You are resistant to torment.
Your stone body is resilient. (AC +5)
You are immune to poison.
You resist negative energy. (rN+)
You are resistant to electric shocks. (rElec)
You can survive without breathing.
You are immune to petrification.
You are immune to rotting.


Message History

You don't have enough magic to cast that spell.
You closely miss the orc warrior.
The orc warrior is severely wounded.
The orc warrior hits you with a hand axe!
You barely miss the orc warrior.
The orc warrior is severely wounded.
The orc warrior hits you with a hand axe!
You hit the orc warrior but do no damage.
The orc warrior is severely wounded.
The orc warrior barely misses you.
Casting: Freeze
Confirm with . or Enter, or press ? or * to list all spells.
Aiming: Freeze
Press: ? - help, Shift-Dir - straight line, f/p - orc warrior
Aim: an orc warrior, wielding a hand axe and wearing a plate armour (severely wounded)
You freeze the orc warrior.
The orc warrior is almost dead.
The orc shouts!
The orc warrior hits you with a hand axe!!
You die...

o. .....
.. ..###
.# .. .#
###
###.######
#.o......<
#.#.######
#o#...
#########
#@#####
.........
#....#
#########
####.# #.#
#.# #.#
#.# #.#
#.#


You could see an orc warrior and an orc.

Vanquished Creatures
  An orc warrior (D:7)
  A sky beast (D:5)
  2 ice beasts
  2 ogres
  2 centaurs
  A bullfrog (D:4)
  6 water moccasin zombies (Ossuary)
  A scorpion (D:4)
  2 vampire bats (D:4)
  2 crimson imps
  A bullfrog zombie (D:6)
  2 hounds
  4 orc priests
  6 orc wizards
  Crazy Yiuf (D:6)
  2 bullfrog skeletons (D:5)
  2 iguanas
  5 worker ants
  3 big kobold zombies (Ossuary)
  2 hound skeletons (D:5)
  2 mummies (Ossuary)
  A worker ant zombie (D:6)
  14 adders
  2 river rats (D:3)
  A shadow imp (D:6)
  An ooze (D:4)
  5 adder zombies
  An adder skeleton (D:4)
  5 worms
  3 dart slugs
  6 leopard geckos
  23 orcs
  3 giant cockroaches
  3 gnoll zombies (Ossuary)
  3 hobgoblins
  8 jackals
  3 quokkas
  4 ball pythons
  11 bats
  5 frilled lizards
  9 goblins
  9 hobgoblin zombies (Ossuary)
  14 kobolds
  6 kobold zombies (Ossuary)
  6 orc zombies (Ossuary)
  A quokka skeleton (D:3)
  8 rats
  A fungus (D:6)
206 creatures vanquished.

Vanquished Creatures (others)
  A plant (Sewer)
1 creature vanquished.

Grand Total: 207 creatures vanquished

Notes
Turn   | Place    | Note
-------+----------+-------------------------------------------
     0 | D:1      | Pr0man the Gargoyle Ice Elementalist began the quest for the Orb.
     0 | D:1      | Reached XP level 1. HP: 10/10 MP: 3/3
   286 | D:1      | Reached XP level 2. HP: 14/15 MP: 0/5
   855 | D:2      | Reached XP level 3. HP: 7/19 MP: 0/7
  1382 | D:2      | Reached XP level 4. HP: 22/24 MP: 4/8
  1842 | D:3      | Found a glowing drain.
  1918 | D:3      | Reached XP level 5. HP: 16/28 MP: 0/10
  2048 | Sewer    | Entered a sewer
  2931 | D:3      | Learned a level 4 spell: Throw Icicle
  2935 | D:3      | Learned a level 3 spell: Ozocubu's Armour
  2999 | D:3      | Noticed a hungry ghost
  3013 | D:3      | Reached XP level 6. HP: 28/32 MP: 8/12
  3022 | D:3      | Reached skill level 5 in Ice Magic
  3889 | D:4      | Reached skill level 5 in Spellcasting
  3889 | D:4      | Reached XP level 7. HP: 32/36 MP: 11/14
  4145 | D:4      | Reached skill level 2 in Conjurations
  4265 | D:5      | Entered Level 5 of the Dungeon
  4276 | D:5      | Reached skill level 3 in Conjurations
  4298 | D:5      | Found a sacrificial altar of Ru.
  4385 | D:5      | Reached skill level 4 in Conjurations
  4391 | D:5      | Reached XP level 8. HP: 27/41 MP: 1/15
  4537 | D:5      | Found Vuplelae's Distillery.
  4542 | D:5      | Bought a potion of heal wounds for 70 gold pieces
  4542 | D:5      | Bought a potion of mutation for 35 gold pieces
  4542 | D:5      | Bought a potion of lignification for 42 gold pieces
  4565 | D:5      | Found Esmifa's Antique Armour Shop.
  4568 | D:5      | Found Opuwygo's Assorted Antiques.
  4691 | D:5      | Found a sand-covered staircase.
  4751 | Ossuary  | Entered an ossuary
  4896 | Ossuary  | Reached skill level 5 in Conjurations
  5551 | D:5      | Found Yceen's Assorted Antiques.
  5590 | D:5      | Reached skill level 6 in Conjurations
  5809 | D:5      | Reached XP level 9. HP: 45/45 MP: 1/16
  5876 | D:5      | Found Uzahel's Weapon Boutique.
  6240 | D:6      | Found a staircase to the Ecumenical Temple.
  6273 | Temple   | Entered the Ecumenical Temple
  6376 | Temple   | Became a worshipper of Vehumet
  6452 | D:6      | Reached skill level 7 in Conjurations
  6837 | D:6      | Found a basalt altar of Yredelemnul.
  7048 | D:6      | Found a runed door.
  7052 | D:6      | Noticed Crazy Yiuf
  7054 | D:6      | Killed Crazy Yiuf
  7369 | D:7      | Reached * piety under Vehumet
  7369 | D:7      | Offered knowledge of Magic Dart by Vehumet.
  7369 | D:7      | Reached skill level 5 in Dodging
  7449 | D:7      | Reached skill level 8 in Conjurations
  7456 | D:7      | Noticed azzavlup's ghost (novice DrMo)
  7538 | D:7      | Slain by an orc warrior

Vault maps used:
D:1:      ncdulo_smallfort
D:2:      serial_bayou_ford_a
D:3:      portal_sewer_entry_c
D:4:      minmay_guarded_unrand_vampires_tooth
D:5:      serial_shops, shop, shop, shop_fountains, shop, nicolae_shop_stone,
          nicolae_ossuary_entry_false_entrances, first_bread,
          minmay_strange_pillars, nicolae_ru_sacrificial_ziggurat
D:6:      yredelemnul_altar_generic, uniq_crazy_yiuf_cottage
Temple:   kilobyte_greek_temple
Sewer:    sewer_co_scattered_pipes
Ossuary:  ossuary_tomb_2

Skill      XL: |  1  2  3  4  5  6  7  8  9 |
---------------+----------------------------+-----
Spellcasting   | 3 4 5 |  5.0
Ice Magic      | 4 5 6 7 |  7.1
Conjurations   | 4 6 8 |  8.0
Dodging        | 4 5 |  5.0
Stealth        | |  2.1

Action                   |  1- 3 |  4- 6 |  7- 9 || total
-------------------------+-------+-------+-------++-------
Melee: Club              |     3 |    86 |     3 ||    92
       Unarmed           |     1 |       |       ||     1
       Dagger            |       |       |   425 ||   425
 Cast: Freeze            |    49 |   156 |   124 ||   329
       Throw Icicle      |       |     2 |    27 ||    29
       Ozocubu's Armour  |       |     1 |     6 ||     7
  Use: Scroll            |       |     5 |     3 ||     8
       Potion            |       |       |     2 ||     2
 Stab: Sleeping          |       |       |     2 ||     2
  Eat: Chunk             |     2 |    10 |    10 ||    22
       Bread ration      |       |     1 |     2 ||     3
       Meat ration       |       |     1 |       ||     1
       Royal jelly       |       |     1 |       ||     1
       Pizza             |       |       |     1 ||     1
Armor: Robe              |    13 |    66 |   178 ||   257
Dodge: Dodged            |    32 |   123 |   257 ||   412
